[Event "Qatar Masters 2024"]
[Site "Doha"]
[Date "2024.12.03"]
[Round "1.49"]
[White "Bagwe Gaurang"]
[Black "Swayams, Mishra"]
[Result "0-1"]
[Annotator "TA"]
[ECO "C96"]
[WhiteElo "2302"]
[BlackElo "2456"]
[PlyCount "120"]
[EventDate "2024.11.24"]
[EventType "swiss"]
[EventCountry "QAT"]
[SourceTitle "playchess.com"]
[Source "ChessBase"]
[SourceQuality "1"]
[TimeControl "40/5400+30:1800+30"]

1. e4 e5 2. Nf3 Nc6 3. Bb5 a6 4. Ba4 Nf6 5. O-O Be7 6. Re1 b5 7. Bb3 d6 8. c3 O-O 9. h3 Na5 10. Bc2 c5 11. d4 Nd7 12. Nbd2 exd4 13. cxd4 Nc6 14. dxc5 Nxc5 15. a3 Bf6 16. Rb1 Bb7 17. b4 Ne6 18. Bb3 Rc8 19. Nf1 Ncd4 20. Bd5 Bxd5 21. exd5 Nxf3+ 22. Qxf3 Nd4 23. Qg4 Nc2 24. Re4 Re8 25. Ng3 Rc4 26. Bd2 (26. Rxc4 $11 Re1+ 27. Kh2 bxc4 28. Bb2 (28. Qxc4 $2 Nxa3 29. Bxa3 Rxb1 $19)) 26... Rexe4 27. Nxe4 Qe7 (27... Nxa3 28. Nxf6+ Qxf6 29. Qd7 $11) 28. f3 (28. Nxf6+ $15 Qxf6 29. Qd7) 28... g6 29. Kh1 (29. Nxf6+ $17 Qxf6 30. Qg5 Qd4+ (30... Qxg5 31. Bxg5 Kg7 32. Rb2 $15) 31. Kh2) 29... Be5 $19 (29... Nxa3 30. Re1 Nc2 31. Nxf6+ Qxf6 32. Qd7 $11) 30. Bg5 $2 (30. f4 {was worth a try.} Bg7 (30... Rxe4 31. Qc8+ Qf8 32. Qxc2 $17) (30... Nxa3 31. Re1 $17) 31. Ng3) 30... f6 (30... Qc7 $142 31. Qh4 f5 (31... Nxa3 32. Re1 $11)) 31. Bh4 $2 (31. Bc1) 31... Kf7 $19 (31... Nxa3 $2 32. Re1 Nc2 (32... Rxb4 $2 33. f4 $18) 33. Re2 $17) 32. Rd1 h5 ({Don't play} 32... Ne3 33. Qe6+ Qxe6 34. dxe6+ Kxe6 35. Re1 $19) 33. Qe6+ Qxe6 34. dxe6+ Kxe6 35. Bf2 (35. Bxf6 $142 Rxe4 36. fxe4 Kxf6 (36... Bxf6 $2 37. Rd3 $19) 37. Rd3) 35... Nxa3 $19 36. g3 Rxb4 37. Kg2 g5 38. Re1 Kf7 39. h4 Rb2 40. hxg5 f5 41. g6+ Kg7 42. Nc5 Rxf2+ 43. Kxf2 Bd4+ ({Worse is} 43... Kxg6 44. Nxa6 b4 45. Nxb4 Bd4+ 46. Kf1 $11) 44. Kg2 Bxc5 45. g4 hxg4 46. fxg4 Nc2 47. Re6 fxg4 48. Kg3 Nd4 49. Re8 a5 50. Kxg4 Kxg6 51. Kf4 b4 52. Ke4 b3 53. Rg8+ Kf7 54. Rg2 a4 55. Kd5 a3 56. Rf2+ Ke7 57. Rf1 a2 58. Re1+ Kd7 59. Rh1 Nf5 60. Ra1 Ne3+ 0-1

[Event "Qatar Masters 2024"]
[Site "Doha"]
[Date "2024.12.03"]
[Round "1.50"]
[White "Garifullina, Leya"]
[Black "Munkhzul, Turmunkh"]
[Result "1/2-1/2"]
[Annotator "TA"]
[ECO "C43"]
[WhiteElo "2451"]
[BlackElo "2301"]
[PlyCount "103"]
[EventDate "2024.11.24"]
[EventType "swiss"]
[EventCountry "QAT"]
[SourceTitle "playchess.com"]
[Source "ChessBase"]
[SourceQuality "1"]
[TimeControl "40/5400+30:1800+30"]

1. e4 e5 2. Nf3 Nf6 3. d4 Nxe4 4. Bd3 d5 5. Nxe5 Nd7 6. Nc3 Nxe5 7. dxe5 Nxc3 8. bxc3 Bc5 9. O-O O-O 10. Re1 Be6 11. Rb1 Rb8 12. Qh5 g6 13. Qh6 Re8 14. Bg5 Be7 15. h4 Bxg5 16. hxg5 (16. Qxg5 {simplifies} Qxg5 17. hxg5 Kg7 18. f4) 16... c5 17. Qh4 {[%emt 0:18:20] [#]} (17. f4 $11 {keeps the balance.}) 17... Qe7 (17... Qa5 $1 $17 18. Re3 c4 (18... Qxc3 $2 19. Bxg6 fxg6 20. Rxc3 $18) (18... Qxa2 19. Rbe1 $17)) 18. Be2 Red8 19. f4 d4 20. c4 b5 21. cxb5 c4 22. Qf2 Qa3 23. Bf1 Qc3 24. Red1 Bf5 25. Rd2 Rd5 26. a4 Rbd8 (26... Rc8 $11) 27. a5 $1 $14 (27. Rbd1 d3 28. cxd3 Rd4 $15) 27... d3 28. cxd3 Bxd3 29. Bxd3 Rxd3 30. Rc2 Qxa5 31. Rxc4 Rd2 ({Don't blunder} 31... Rd1+ $2 32. Rxd1 Rxd1+ 33. Kh2 $18) 32. Qf3 Qb6+ 33. Kh2 Qe6 34. Rbc1 $2 {[%emt 0:02:07] [#]} (34. Rc6 $16 {and life is bright.} Qa2 35. Rg1) 34... R8d3 $1 $17 35. f5 Qxe5+ (35... Qxf5 36. Qxf5 gxf5 37. Ra1 $16) (35... gxf5 $17 36. Qf4 Re2) 36. Qf4 $11 Qxf5 37. Qxf5 gxf5 38. Ra1 Rb3 39. Rxa7 Rxb5 40. Rc8+ Kg7 41. Rcc7 Rbb2 42. Rxf7+ Kg6 43. Kh3 Kxg5 44. Rxh7 Rd6 45. Rag7+ Rg6 46. Rxg6+ Kxg6 47. Ra7 Rb3+ 48. Kh4 Rb4+ 49. Kg3 Rb3+ 50. Kh4 $1 Rb4+ 51. Kg3 Rb3+ 52. Kh4 1/2-1/2

[Event "Qatar Masters 2024"]
[Site "Doha"]
[Date "2024.12.03"]
[Round "1.51"]
[White "Jeet, Jain"]
[Black "Zou, Chen"]
[Result "1/2-1/2"]
[Annotator "TA"]
[ECO "B22"]
[WhiteElo "2301"]
[BlackElo "2449"]
[PlyCount "78"]
[EventDate "2024.11.24"]
[EventType "swiss"]
[EventCountry "QAT"]
[SourceTitle "playchess.com"]
[Source "ChessBase"]
[SourceQuality "1"]
[TimeControl "40/5400+30:1800+30"]

1. e4 c5 2. c3 d5 3. exd5 Qxd5 4. d4 Nf6 5. Nf3 e6 6. Na3 a6 7. Nc4 Nbd7 8. Be2 Be7 9. O-O cxd4 10. Nxd4 O-O (10... Qc5 $1 $14) 11. b3 $16 Re8 {[%emt 0:06:04] [#]} 12. Be3 $1 Qe4 13. f3 (13. f4 $16) 13... Qg6 $11 14. f4 Nd5 15. f5 exf5 16. Bh5 $1 (16. Nxf5 $2 Nxc3 17. Nxe7+ Rxe7 $19) 16... Nxe3 $1 17. Nxe3 Qb6 18. Nd5 {[%emt 0:02:45] Against Nf6. Excellent horsemanship.} Qd8 $1 19. Nxe7+ Qxe7 20. Nxf5 ({Reject} 20. Rxf5 g6 21. Rf2 gxh5 $17) 20... Qc5+ 21. Qd4 Qxd4+ 22. Nxd4 Ne5 23. Nf3 Bg4 24. Bxg4 Nxg4 25. Rfe1 f6 26. Rxe8+ Rxe8 {[%emt 0:00:06][%mdl 4096] Endgame KRN-KRN} 27. h3 Ne3 28. Re1 {[%emt 0:00:36] Strongly threatening Kf2.} Kf7 29. Kf2 Nd5 30. Rxe8 Kxe8 {[%emt 0:00:05] KN-KN} 31. c4 Nb4 32. a3 Nc2 33. Ke2 Nxa3 34. Kd3 {[%emt 0:00:22] Prevents Nc2} Kd7 35. Kc3 b5 36. Nd4 Nb1+ 37. Kc2 Na3+ 38. Kc3 Nb1+ 39. Kc2 Na3+ 1/2-1/2

[Event "Qatar Masters 2024"]
[Site "Doha"]
[Date "2024.12.03"]
[Round "1.52"]
[White "Aaditya Dhingra"]
[Black "Ajay Santhosh Parvathareddy"]
[Result "1/2-1/2"]
[Annotator "TA"]
[ECO "A13"]
[WhiteElo "2448"]
[BlackElo "2303"]
[PlyCount "93"]
[EventDate "2024.11.24"]
[EventType "swiss"]
[EventCountry "QAT"]
[SourceTitle "playchess.com"]
[Source "ChessBase"]
[SourceQuality "1"]
[TimeControl "40/5400+30:1800+30"]

1. Nf3 d5 2. c4 e6 3. g3 Nf6 4. Bg2 dxc4 5. Qa4+ Nbd7 6. Qxc4 a6 7. Qc2 Rb8 8. d4 b5 9. Ne5 Nxe5 10. dxe5 Nd7 11. Bc6 {[%emt 0:08:03] next 0-0 is good for White.} Bb7 12. O-O Bxc6 13. Qxc6 Rb6 14. Qe4 Nc5 (14... Be7 $11) 15. Qf3 Nd7 16. Rd1 Qc8 17. Bf4 Be7 18. Qg4 g5 $1 {[%emt 0:01:34] White must now prevent ...h5.} 19. Be3 $1 (19. Bxg5 Rg8 20. h4 h6 $19 (20... Nxe5 $2 21. Qh5 $18)) 19... h5 (19... Nxe5 $11 20. Qh5 Rd6) 20. Qe4 $16 c5 21. b4 {[%emt 0:07:20] White is much more active.} (21. Nd2 $16) 21... Qc7 (21... Rc6 $11) 22. Nd2 $1 Nxe5 23. bxc5 $1 Rb8 24. Nf3 Nxf3+ 25. Qxf3 Rc8 (25... f5 $16) 26. c6 $1 $18 Qxc6 $2 (26... f5) 27. Rac1 Qa8 28. Rc7 $1 f5 (28... O-O $142 29. Qxa8 (29. Rxe7 Qxf3 30. exf3 Rfd8 $18) 29... Rxa8 30. Rxe7 g4) 29. Rdd7 (29. Rb7 g4 30. Qg2 Bf6 $16) 29... Bd8 30. Rb7 {[%emt 0:00:02][%cal Oe3g5] Threatening mate with Bxg5!.} Rc3 {[%emt 0:00:57] [#]} 31. h4 $1 Qc8 32. hxg5 (32. Rh7 $142 Rxh7 33. Rxh7) 32... Bc7 $2 {[%emt 0:06:33] [#]} (32... Qxd7 33. Rxd7 Kxd7 34. Qb7+ Bc7 35. Qxa6 (35. g6 Rxe3 36. fxe3 Rg8 $18) 35... Rb8) 33. Rdxc7 $2 Rxc7 $16 34. Rxc7 ({Only move:} 34. Rb6 $16 O-O 35. Qxh5) 34... Qxc7 $18 {[%emt 0:00:05][%mdl 4096] Endgame KQR-KQB} 35. Qa8+ Qd8 36. Qxa6 Qd7 (36... Kf7 $11 {remains equal.}) 37. Qa8+ $16 {[%emt 0:00:47][%mdl 1024] White has strong compensation.} Qd8 {[%emt 0:00:05] [#]} 38. Qc6+ (38. Qxd8+ Kxd8 39. Bd4 Rg8 $19) ({White should try} 38. Qa7 $1 $16 {[%cal Ra7g7] And now Qg7 would win.} Qd1+ 39. Kg2) 38... Qd7 {[%emt 0:00:04] [#]} (38... Kf7 $11) 39. Qc3 (39. Qc5 $1 $16) 39... O-O $36 {[%emt 0:03:17][%mdl 2048] Black has the initiative.} 40. f3 Qd6 41. Bf4 Qd1+ 42. Kf2 Qh1 43. Qe5 Qh2+ 44. Kf1 Qh1+ 45. Kf2 Qh2+ 46. Kf1 Qh1+ 47. Kf2 1/2-1/2

[Event "Qatar Masters 2024"]
[Site "Doha"]
[Date "2024.12.03"]
[Round "1.53"]
[White "Manish Anto Cristiano F"]
[Black "Nigmatov, Ortik"]
[Result "1/2-1/2"]
[Annotator "RC"]
[ECO "C60"]
[WhiteElo "2296"]
[BlackElo "2447"]
[PlyCount "207"]
[EventDate "2024.11.24"]
[EventType "swiss"]
[EventCountry "QAT"]
[SourceTitle "playchess.com"]
[Source "ChessBase"]
[SourceQuality "1"]
[TimeControl "40/5400+30:1800+30"]

1. e4 e5 2. Nf3 Nc6 3. Bb5 Nge7 4. c3 d5 5. Nxe5 dxe4 6. d4 a6 7. Bxc6+ Nxc6 8. Nxc6 bxc6 9. Qe2 f5 10. O-O Bd6 11. f3 O-O 12. Nd2 Qh4 13. g3 Qh5 14. Qc4+ Kh8 15. fxe4 fxe4 16. Rxf8+ Bxf8 17. Nxe4 Bf5 18. Ng5 Bg6 19. Bf4 Re8 20. Rf1 c5 21. h4 h6 22. Nf3 cxd4 23. cxd4 Bf7 24. Qxc7 Bd5 25. Qd7 Re2 26. g4 Qg6 27. Bg3 Be4 28. Qc8 Kh7 29. h5 Qf6 30. g5 hxg5 31. Qg4 Be7 32. Be5 Qf5 33. Qxf5+ Bxf5 34. Nxg5+ Bxg5 35. Rxf5 Be3+ 36. Kf1 Rxb2 37. Rf3 Bxd4 38. Bxd4 Rxa2 39. Be3 Ra5 40. Rh3 g6 41. h6 Rh5 42. Rg3 a5 43. Ke2 a4 44. Kd3 a3 45. Kc3 Rb5 46. Rg2 Re5 47. Bd2 Rb5 48. Bf4 a2 49. Rxa2 g5 50. Kc4 Rf5 51. Be3 Kxh6 52. Kd4 Rb5 53. Ke4 Kg6 54. Kf3 Kh5 55. Bd4 Rb3+ 56. Ke4 Kg4 57. Ra1 Kh5 58. Be5 Kg6 59. Ra6+ Kh5 60. Ra5 Rb1 61. Bf6 Re1+ 62. Kd3 Rg1 63. Bd4 Rg4 64. Be3 Kg6 65. Ke2 Rb4 66. Rxg5+ Kf6 67. Ra5 Ke6 68. Kd3 Rb1 69. Ke4 Re1 70. Ra6+ Kd7 71. Kd4 Ke7 72. Bg5+ Kf7 73. Kd5 Rd1+ 74. Ke5 Rb1 75. Rf6+ Kg7 76. Bh6+ Kh7 77. Bf4 Rb5+ 78. Ke6 Kg7 79. Bd6 Rb6 80. Rf1 Kg6 81. Rg1+ Kh6 82. Ke5 Ra6 83. Be7 Rg6 84. Rh1+ Kg7 85. Kf5 Rb6 86. Bd8 Rc6 87. Rd1 Rc5+ 88. Ke6 Rc6+ 89. Kd7 Ra6 90. Be7 Kg6 91. Rf1 Rb6 92. Bd6 Ra6 93. Ke6 Rb6 94. Rg1+ Kh6 95. Kd5 Ra6 96. Be5 Rg6 97. Rh1+ Kg5 98. Ke4 Kg4 99. Ra1 Kh3 100. Kf5 Rg8 101. Ra2 Rg5+ 102. Ke4 Rg6 103. Kf3 Rg3+ 104. Bxg3 1/2-1/2

[Event "Qatar Masters 2024"]
[Site "Doha"]
[Date "2024.12.03"]
[Round "1.54"]
[White "Shyaam Nikhil P"]
[Black "Vivaan Vishal Shah"]
[Result "1/2-1/2"]
[Annotator "TA"]
[ECO "E64"]
[WhiteElo "2445"]
[BlackElo "2296"]
[PlyCount "82"]
[EventDate "2024.11.24"]
[EventType "swiss"]
[EventCountry "QAT"]
[SourceTitle "playchess.com"]
[Source "ChessBase"]
[SourceQuality "1"]
[TimeControl "40/5400+30:1800+30"]

1. Nf3 Nf6 2. c4 g6 3. Nc3 Bg7 4. g3 O-O 5. Bg2 d6 6. d4 c5 7. dxc5 dxc5 8. Qxd8 Rxd8 9. Be3 Na6 10. h3 Ne8 11. Rc1 Nd6 12. b3 Bd7 (12... b6 $5) 13. O-O Bc6 14. g4 Ne4 15. Nb5 Nb4 16. a3 {[%emt 0:04:08] [#]} Nd5 $1 17. cxd5 Bxb5 18. Ne5 Nd6 19. f4 b6 (19... Bxe2 20. Rfe1 Ba6 21. Bxc5 $16 (21. Rxc5 h6 $16)) 20. Rc2 f6 21. Nc6 Re8 22. f5 gxf5 23. gxf5 Ba6 24. b4 c4 25. Bc1 {[%emt 0:13:15] White is much more active.} Bc8 (25... Bb5 $142) 26. e4 $16 Bd7 27. a4 a6 28. Bf4 Bxc6 29. dxc6 b5 30. Rd1 Rac8 31. axb5 axb5 32. Ra2 (32. Bxd6 exd6 33. h4 (33. Rxd6 Bf8 $11) 33... Kh8 $11 (33... Rxc6 34. e5 $14)) (32. Bf3) 32... Nf7 $2 (32... Rc7 $16) 33. Ra6 $2 (33. c7 $18) 33... Ne5 $2 {[%emt 0:02:06] Dodges Rd7} ({Black should try} 33... e5 $1 $14 34. Be3 Bf8) 34. Bxe5 $18 fxe5 35. Rd5 e6 (35... Red8 $16 {is a better defense.} 36. Rxb5 (36. Rxd8+ Rxd8 37. c7 Rc8 $18) 36... Rd4) 36. Rxb5 Bh6 37. Kf2 {[%emt 0:01:36] Hoping for Rc5.} (37. Rxe5 c3 38. Ra2 (38. fxe6 $2 c2 $19) (38. Rxe6 $2 Rxe6 39. fxe6 c2 $19) 38... Rxc6 $15) 37... Red8 38. Ra2 $2 ({Worse is} 38. fxe6 Rd2+ 39. Kg3 Bf4+ 40. Kf3 Rd3+ 41. Ke2 Rd2+ 42. Kf3 Rd3+ 43. Ke2 Rd2+ 44. Kf3 $11) ({White should try} 38. Bf1 $18 Rd2+ 39. Be2) 38... Rxc6 $11 39. Rc5 Rxc5 40. bxc5 Rc8 41. fxe6 Bf8 1/2-1/2

[Event "Qatar Masters 2024"]
[Site "Doha"]
[Date "2024.12.03"]
[Round "1.55"]
[White "Kunal, M.."]
[Black "Pham Tran Gia Phuc"]
[Result "1-0"]
[Annotator "TA"]
[ECO "B51"]
[WhiteElo "2291"]
[BlackElo "2445"]
[PlyCount "167"]
[EventDate "2024.11.24"]
[EventType "swiss"]
[EventCountry "QAT"]
[SourceTitle "playchess.com"]
[Source "ChessBase"]
[SourceQuality "1"]
[TimeControl "40/5400+30:1800+30"]

1. e4 c5 2. Nf3 d6 3. Bb5+ Nd7 4. a4 Ngf6 5. Nc3 g6 6. a5 a6 7. Bc4 Bg7 8. Bxf7+ Kxf7 9. Ng5+ Kg8 10. Ne6 Qe8 11. Nc7 Qf7 12. Nxa8 b5 13. axb6 Bb7 14. Qe2 Nh5 15. Nc7 Nf4 16. Qf1 Nxb6 17. d3 e5 18. g3 Qxc7 19. gxf4 d5 20. Qh3 Qf7 21. f5 d4 22. Na4 Nxa4 23. Rxa4 gxf5 24. Bh6 Qg6 25. Bxg7 Kxg7 26. Kf1 Kf7 27. Rg1 Qf6 28. Qh5+ Ke6 29. Qxf5+ Qxf5 30. exf5+ Kf6 31. f3 Rc8 32. Kf2 Rc7 33. b3 Kxf5 34. c4 dxc3 35. Rc4 Ke6 36. Ke3 Rf7 37. Rf1 (37. Rxc3 Rxf3+ 38. Ke2 e4) 37... Kd6 38. Rxc3 Bd5 39. f4 exf4+ 40. Rxf4 Re7+ 41. Kd2 Rg7 42. Ra4 Rg2+ 43. Ke3 Rxh2 44. Ra5 Rh3+ 45. Kd2 Rh2+ 46. Kc1 Rh1+ (46... Bf7 $142 47. Rxa6+ (47. Raxc5 Bxb3 48. Rc6+ Kd5 $18) 47... Kd5) 47. Kb2 $18 Rh2+ 48. Ka3 Rd2 (48... Bc6 $142 49. Raxc5 (49. Rcxc5 Bb5 $16) 49... Bb5) 49. Rxa6+ $18 (49. Rcxc5 Rxd3 50. Ka4 (50. Rxa6+ $2 Kxc5 51. Kb2 Rxb3+ 52. Kc2 Rh3 $19) 50... Bxb3+ 51. Kb4 Bd1 $14) 49... Ke5 50. Ra4 Kd6 51. Rh4 Ke5 $2 (51... Rd1 {was worth a try.} 52. Rxh7 Rf1 53. Rh6+ Be6) 52. Rxc5 $18 ({Less strong is} 52. Rxh7 Kd4 $18) 52... Rxd3 53. Rb5 (53. Rxh7 Rxb3+ 54. Ka4 Rd3 $11) 53... Kd6 54. Rxh7 Kc6 55. Rb8 Rg3 56. Ka4 Rg2 57. Ka3 Rg3 $1 58. Rh6+ Kc7 59. Rb5 Bf7 60. Rf6 Bg8 61. Rff5 Kd6 (61... Re3 $142 62. Rfc5+ Kd6) 62. Rb6+ (62. Rg5 $142 Rxg5 63. Rxg5) 62... Kc7 $18 63. Rb4 Be6 64. Rc5+ Kd6 65. Rc1 Bd5 66. Rb6+ Kd7 67. Rd1 Kc7 68. Rb4 Kc6 69. Rc1+ $2 (69. Ka4) 69... Kd6 $1 $18 70. Rb6+ Kd7 71. Ka4 Rg2 72. b4 Ra2+ 73. Kb5 Bf3 74. Kc5 Rh2 75. Rd6+ Kc7 76. Rf6 Bh1 77. Rf7+ Kb8 78. b5 Rh5+ 79. Kb6 Rh6+ 80. Rc6 Rh8 81. Rcf6 Rc8 82. Rf8 Bg2 83. Rxc8+ Kxc8 84. Ka7 1-0

[Event "Qatar Masters 2024"]
[Site "Doha"]
[Date "2024.12.03"]
[Round "1.56"]
[White "Mamedov, Edgar"]
[Black "Nayak Rajesh"]
[Result "1-0"]
[Annotator "TA"]
[ECO "D38"]
[WhiteElo "2448"]
[BlackElo "2256"]
[PlyCount "69"]
[EventDate "2024.11.24"]
[EventType "swiss"]
[EventCountry "QAT"]
[SourceTitle "playchess.com"]
[Source "ChessBase"]
[SourceQuality "1"]
[TimeControl "40/5400+30:1800+30"]

1. d4 Nf6 2. c4 e6 3. Nf3 d5 4. Nc3 Bb4 5. cxd5 exd5 6. Bg5 h6 7. Bh4 g5 8. Bg3 Ne4 9. Nd2 Nxg3 10. hxg3 c6 11. e3 Bf5 12. Nb3 Nd7 13. Bd3 Bxd3 14. Qxd3 Qe7 15. a3 Bd6 16. Na5 Nf6 (16... Rb8 $11) 17. Qf5 $16 Rb8 {[%emt 0:16:25] [#]} 18. Nxb7 $1 Bc7 {[%emt 0:00:13] [#] Prevents b4.} 19. Nc5 $1 Rxb2 20. O-O-O (20. N3a4 $142 Rb5 21. Rc1) 20... Rb8 21. Kc2 $36 {[%emt 0:06:45][%mdl 2048] And now e4 would win. White has the initiative.} Bb6 {[%emt 0:11:20] [#]} (21... Kf8 $14) 22. e4 $1 $18 Bxc5 (22... Nxe4 $142 23. Rde1 Kf8 (23... Bxc5 $2 24. Nxe4 dxe4 25. Rxe4 $18)) 23. exd5 Kf8 $2 (23... Bxa3 $2 24. Rde1 Nxd5 (24... Rb2+ $2 25. Kd3 $18) 25. Nxd5 (25. Rxe7+ Nxe7 26. Qe5 Rb2+ 27. Kd3 O-O $18) 25... cxd5 (25... Rb2+ $2 26. Kc3 $18) 26. Rxe7+ Bxe7 27. Re1 $18 (27. Qxd5 Rd8 $18)) (23... Nxd5 {was called for.} 24. Rde1 (24. dxc5 Kf8 $18) 24... Bxd4) 24. Rhe1 ({Less strong is} 24. dxc5 Nxd5 25. Rhe1 (25. Nxd5 Qxc5+ 26. Kd2 Rd8 $17) 25... Qc7 (25... Qxc5 26. Rxd5 cxd5 27. Qe5 $18) 26. Nxd5 cxd5 27. Rxd5 Qa5 $18) 24... Qd8 25. dxc5 {[%emt 0:00:25] Active counter play!} cxd5 26. Qe5 Rg8 $2 (26... Kg7) 27. Nxd5 Nxd5 $2 (27... Ng4 28. Qd4 Qa5) 28. Rxd5 Qc8 {[%emt 0:00:13] Black is weak on the dark squares} 29. Rh1 Rg6 30. Rb1 Rgb6 (30... Ra8 $18 31. Qh8+ Ke7 32. Re1+ Re6 33. Qxh6 (33. Rxe6+ fxe6 34. Qh7+ Ke8 $18) 33... Qc6 (33... Rxe1 $2 {is the wrong capture.} 34. Qd6+ Ke8 35. Rxg5 $18)) 31. Rxb6 axb6 32. Qh8+ Ke7 33. Re5+ Kd7 34. Qf6 Qf8 {[%emt 0:00:45] Inhibits Qd6+.} 35. c6+ (35. Rd5+ $142 Kc7 36. Re5 Kd7 37. cxb6 Qd6 38. Qxf7+ Kc6 39. Re6 Rxb6 40. Rxd6+ Kxd6 41. Kc3) 1-0

[Event "Qatar Masters 2024"]
[Site "Doha"]
[Date "2024.12.03"]
[Round "1.57"]
[White "Bhagat Kush"]
[Black "Sahib Singh"]
[Result "0-1"]
[Annotator "TA"]
[ECO "B51"]
[WhiteElo "2270"]
[BlackElo "2438"]
[PlyCount "84"]
[EventDate "2024.11.24"]
[EventType "swiss"]
[EventCountry "QAT"]
[SourceTitle "playchess.com"]
[Source "ChessBase"]
[SourceQuality "1"]
[TimeControl "40/5400+30:1800+30"]

1. e4 c5 2. Nf3 d6 3. Bb5+ Nc6 4. O-O Bd7 5. Re1 Nf6 6. c3 a6 7. Bf1 Bg4 8. d4 Bxf3 9. gxf3 g6 10. d5 Nb8 11. f4 {[%emt 0:00:44] Qb3 is in the air} Bg7 (11... Bh6 $1 $11) 12. Qb3 b5 13. a4 bxa4 14. Qb7 Nbd7 15. e5 $1 (15. Rxa4 $6 O-O $11) 15... dxe5 16. fxe5 Ng4 17. e6 $36 {[%emt 0:20:35][%mdl 2048] White is in control.} (17. Rxa4 Rb8 (17... Ndxe5 18. d6 $16) 18. Qxa6 Ngxe5 $11 (18... Ndxe5 19. Nd2 $11)) 17... Nde5 18. d6 (18. Rxa4 $2 Rb8 19. Qa7 (19. exf7+ $2 Kf8 $19) 19... Nf3+ 20. Kh1 Nxe1 $19) (18. exf7+ $1 $18 Kxf7 19. d6 (19. Rxa4 Qd6 $17)) 18... exd6 (18... fxe6 $16 19. dxe7 (19. Rxa4 Rb8 $14) 19... Qd5 20. Qxd5 (20. Bxa6 Nf3+ 21. Kf1 Ngxh2+ 22. Ke2 Rxa6 $17) (20. Bg2 Qxb7 21. Bxb7 Rb8 $11) 20... exd5) 19. Bg2 $1 $18 (19. Bxa6 Rxa6 (19... fxe6 20. Qxg7 Qh4 21. Bb5+ Kd8 22. Bg5+ Qxg5 23. Qxh8+ $18) 20. Rxe5 Nxe5 $17) (19. exf7+ $6 Kf8 $14) (19. Rxa4 $6 Rb8 (19... fxe6 $2 20. Qxg7 Rf8 21. Rxg4 $18) 20. exf7+ (20. Qxa6 Nf3+ 21. Kh1 Nxf2+ 22. Kg2 Nxe1+ $15) 20... Kf8 $16) 19... Rc8 {[%emt 0:02:59][%cal Ba8c8,Bc8c7,Bc7f7][%mdl 32] Against Bc6+} 20. h3 (20. Rxa4 Rc7 21. Qxa6 O-O $16) (20. exf7+ $6 Kf8 $16) 20... Rc7 21. Qxa6 O-O 22. hxg4 fxe6 23. Rxa4 Rcf7 24. Be3 Qh4 {[%emt 0:01:46][%cal Rf7f2] and ...Rxf2 should not be overlooked} 25. Re2 $1 (25. Qxd6 Rxf2 26. Nd2 (26. Qxe6+ $2 Kh8 $19) 26... Qg3 27. Bxf2 (27. Qxe6+ $2 Kh8 $19) 27... Qxf2+ 28. Kh1 Qxe1+ 29. Kh2 Nxg4+ 30. Rxg4 Be5+ $19) (25. g5 c4 26. Qb6 (26. Qxd6 $2 Rxf2 $19) (26. Re2 $2 Qg4 $19) 26... Nd3 $11) 25... c4 {[%emt 0:00:41] [#]} 26. Qxd6 $4 (26. Rxc4 $1 $18 {was the only winning move. aiming for Ra4.} Nxc4 27. Qxc4) 26... Qxg4 $19 (26... Rd8 $2 27. Qxd8+ (27. Qxe6 Rd1+) 27... Qxd8 28. Ra8 $18) 27. Kf1 Rd7 28. Qb6 $2 (28. Qxf8+ $19 Kxf8 29. Nd2) 28... Rd1+ 29. Re1 Rxe1+ 30. Kxe1 Nd3+ 31. Kd2 {[%emt 0:00:06] [#]} Rxf2+ $3 32. Bxf2 Bh6+ 33. Be3 Qxg2+ 34. Kd1 {[%emt 0:00:03] [#]} Qf1+ $1 (34... Qxb2 35. Qxe6+ Kg7 36. Ra7+ (36. Qe7+ Kh8 37. Ra8+ Qb8 38. Rxb8+ Bf8 39. Rxf8#)) (34... Nxb2+ 35. Kc1 Nd3+ (35... Nxa4 36. Qxe6+ Kg7 37. Qe7+ Kg8 38. Qe8+ Bf8 39. Qxa4 $18) (35... Bxe3+ 36. Qxe3 Nd3+ 37. Kd1 $11) 36. Kd1 Nb2+ 37. Kc1 Nd3+ 38. Kd1 Nb2+ $11) 35. Kd2 Qf2+ ({Inferior is} 35... Qxb1 36. Qxe6+ (36. Bxh6 Qc1+ 37. Ke2 Qc2+ 38. Bd2 Qxa4 $11) 36... Kh8 37. Qf6+ (37. Bxh6 Qc1+ 38. Ke2 Qe1+ 39. Kf3 Qxe6 $17) 37... Kg8 38. Ra8+) 36. Kd1 Nxb2+ (36... Qxe3 37. Qxe3 Bxe3 38. Ke2 $18 (38. Rxc4 $2 {is the wrong capture.} Nxb2+ 39. Ke2 Nxc4 $19)) (36... Bxe3 $142 37. Qb8+ Kg7 38. Rxc4 Nxb2+ (38... Qxb2 $2 39. Qc7+ Kf6 40. Qd8+ Ke5 41. Qxd3 $18) 39. Qxb2 Qxb2) 37. Qxb2 Qxb2 38. Ra8+ Kf7 39. Ra7+ Kf6 40. Bxh6 Qxb1+ 41. Ke2 Qe4+ 42. Kf2 Qh4+ 0-1

[Event "Qatar Masters 2024"]
[Site "Doha"]
[Date "2024.12.03"]
[Round "1.58"]
[White "Gan-Erdene, Sugar"]
[Black "Daakshin Arun"]
[Result "1-0"]
[Annotator "TA"]
[ECO "B90"]
[WhiteElo "2437"]
[BlackElo "2286"]
[PlyCount "61"]
[EventDate "2024.11.24"]
[EventType "swiss"]
[EventCountry "QAT"]
[SourceTitle "playchess.com"]
[Source "ChessBase"]
[SourceQuality "1"]
[TimeControl "40/5400+30:1800+30"]

1. e4 c5 2. Nf3 d6 3. d4 cxd4 4. Nxd4 Nf6 5. Nc3 a6 6. Nb3 e6 7. g4 b5 8. Bg2 Bb7 9. g5 Nfd7 (9... b4 $5) 10. f4 h6 11. f5 exf5 (11... b4 $1 $11) 12. Qe2 $36 {[%emt 0:00:13][%mdl 2048] Keeping Black busy.} Ne5 13. exf5 Bxg2 ({Black should play} 13... Nbc6 $14) 14. Qxg2 Nbd7 (14... Nbc6 $16) 15. Bf4 $18 hxg5 16. Bxg5 f6 17. Bf4 Rh4 18. Nd5 (18. Bg3 Rc4 19. O-O-O Rac8 $18) 18... Rc8 19. O-O-O {[%emt 0:05:55] Nd4 would now be deadly.} Kf7 20. Kb1 Kg8 21. Nd4 Qe8 22. Bg3 Rh7 23. Nf4 Qf7 24. Nde6 Nc4 25. Bf2 {[%emt 0:02:24] Prevents Ne3.} d5 26. Qxd5 Bd6 27. Ng6 Nde5 (27... Nf8 {is a better defense.} 28. Rhg1 Rxh2) 28. Bc5 Bxc5 29. Qxc5 ({Less strong is} 29. Nxc5 Re8 $16) 29... Re8 30. Nd8 Nd7 31. Qc7 1-0

[Event "Qatar Masters 2024"]
[Site "Doha"]
[Date "2024.12.03"]
[Round "1.59"]
[White "Fandi, Mazen."]
[Black "Tahbaz, Arash"]
[Result "0-1"]
[Annotator "TA"]
[ECO "B08"]
[WhiteElo "2160"]
[BlackElo "2432"]
[PlyCount "84"]
[EventDate "2024.11.24"]
[EventType "swiss"]
[EventCountry "QAT"]
[SourceTitle "playchess.com"]
[Source "ChessBase"]
[SourceQuality "1"]
[TimeControl "40/5400+30:1800+30"]

1. e4 g6 2. d4 Bg7 3. Nf3 d6 4. Nc3 Nf6 5. Bd3 O-O 6. O-O Nbd7 7. Qe2 e5 8. dxe5 dxe5 9. Bc4 c6 10. a4 h6 11. b4 Nh5 12. Rd1 Qf6 13. a5 Nf4 14. Qe3 b5 15. Bf1 Re8 16. g3 g5 17. gxf4 (17. Bb2 $14) 17... exf4 $11 18. Qd4 {[%emt 0:00:08] Strongly threatening Bb2.} Qe7 19. Qd2 Qxb4 20. Ra3 Qe7 {[%emt 0:08:31] Hoping for ...b4.} 21. Ne2 b4 22. Rb3 Nc5 23. Rxb4 $2 {[%emt 0:06:38][%mdl 8192] [#]} (23. Qxb4 $1 $11 {and White stays safe.} Nxb3 24. Qxe7 Rxe7 25. Rd8+ Bf8 26. cxb3 (26. Ba3 c5 $11)) 23... Bg4 $1 $19 24. Bg2 Nxe4 25. Rxe4 ({Wrong is} 25. Qe1 $2 Nc3 26. Nxc3 Qxb4 $19) 25... Qxe4 26. Nfd4 f3 27. Ng3 {[%emt 0:00:43] [#]} Qxd4 $1 28. Qxd4 Bxd4 29. Rxd4 fxg2 30. Rxg4 (30. Kxg2 $142 Be6 31. h4) 30... Re1+ 31. Kxg2 Rxc1 {[%emt 0:00:03][%mdl 4096] Endgame KRR-KRN} 32. Rc4 Ra1 33. Rc5 Rb8 34. c4 Re8 35. Kf3 Re6 36. Nf5 Ra3+ 37. Ne3 Kg7 38. Kg4 Kg6 {[%emt 0:00:41] ( -> ...Raxe3)} 39. h4 {[%emt 0:00:33] [#]} f5+ $1 40. Rxf5 (40. Kf3 f4) 40... Re4+ 41. Kf3 {[%emt 0:30:12] [#]} Raxe3+ $1 42. fxe3 Kxf5 0-1